 Dungeon Crawl Stone Soup version 0.27.1-35-g4d5d836560 (console) character file.

Game seed: 2912846028513760150

42048 grimtooth the Frost Mage (level 14, -13/101 HPs)
             Began as a Merfolk Ice Elementalist on Apr 19, 2022.
             Was a High Priest of Hepliaklqana.
             Mangled by a komodo dragon (74 damage)
             ... on level 6 of the Lair of Beasts.
             The game lasted 02:09:38 (17541 turns).

grimtooth the Frost Mage (MfIE)                    Turns: 17541, Time: 02:09:39

Health: -13/101    AC: 12    Str: 12    XL:     14   Next: 18%
Magic:  22/23      EV: 18    Int: 16    God:    Hepliaklqana [*****.]
Gold:   1290       SH:  0    Dex: 14    Spells: 16/25 levels left

rFire    + . .     SeeInvis .   n - +2 dagger (venom)
rCold    . . .     Faith    .   (no shield)
rNeg     . . .     Spirit   .   C - +0 steam dragon scales
rPois    .         Reflect  .   (helmet restricted)
rElec    .         Harm     .   i - +1 cloak
rCorr    .         Rampage  .   o - +0 pair of gloves
Will     +....                  (no boots)
Stlth    ++++......             p - amulet of regeneration
HPRegen  1.26/turn              K - ring of protection from fire
MPRegen  0.18/turn              s - +4 ring of protection

@: sleeping, slowed
A: reduced essence, (nimble swimmer 2), mertail, horns 1, wild magic 2
a: Renounce Religion, Recall Ancestor, Ancestor Identity, Transference, Idealise


You were on level 6 of the Lair of Beasts.
You worshipped Hepliaklqana.
Hepliaklqana was extremely pleased with you.
You visited 3 branches of the dungeon, and saw 18 of its levels.
You also visited: Ossuary, Gauntlet and Volcano.

You collected 1290 gold pieces.

Inventory:

Hand Weapons
 e - a +0 trident
 n - a +2 dagger of venom (weapon)
 B - a +1 dagger of protection
 I - a +2 antimagic trident
Missiles
 a - 31 poisoned darts (quivered)
 A - 3 throwing nets {=f}
 J - a curare-tipped dart
Armour
 c - a +2 leather armour of fire resistance
 i - a +1 cloak (worn)
 o - a +0 pair of gloves (worn)
 C - +0 steam dragon scales (worn)
 F - the +1 pair of boots "Piowk" {Contam Harm rF++ MP+9}
   (You found it on level 7 of the Dungeon)

   rF:        It greatly protects you from fire.
   MP:        It affects your magic capacity (+9).
   Contam:    It causes magical contamination when unequipped.
   Harm:      It increases damage dealt and taken.
Jewellery
 p - an amulet of regeneration (around neck)
 s - a +4 ring of protection (right hand)
 z - a ring of ice
 K - a ring of protection from fire (left hand)
Wands
 r - a wand of polymorph (9)
 E - a wand of flame (67)
 M - a wand of acid (11)
 R - a wand of charming (11)
Scrolls
 b - 2 scrolls of fear
 h - 4 scrolls of teleportation
 k - 3 scrolls of magic mapping
 u - 2 scrolls of summoning
 w - 3 scrolls of vulnerability
 x - a scroll of noise {unknown}
 G - 2 scrolls of acquirement {unknown}
 H - 3 scrolls of amnesia {unknown}
 L - a scroll of blinking
 O - a scroll of fog {unknown}
Potions
 f - 2 potions of ambrosia
 j - 3 potions of magic
 q - 4 potions of lignification
 v - a potion of might
 N - 2 potions of curing
 P - 5 potions of haste
 T - a potion of flight
 U - a potion of resistance
 W - a potion of attraction
Miscellaneous
 V - a piece from Xom's chessboard (15/15)


   Skills:
 + Level 11.3 Fighting
 - Level 6.0 Short Blades
 - Level 9.0 Polearms
 - Level 12.0 Dodging
 - Level 9.0 Stealth
 - Level 6.0 Spellcasting
 - Level 9.0 Hexes
 - Level 12.0 Ice Magic
 - Level 9.0 Invocations


You had 16 spell levels left.
You knew the following spells:

 Your Spells              Type           Power      Damage    Failure   Level
a - Freeze                Ice            100%       1d11      1%          1
b - Frozen Ramparts       Ice            100%       1d12      1%          3
c - Ozocubu's Armour      Ice            62%        N/A       1%          3
x - Ensorcelled Hibernat  Hex/Ice        100%       N/A       1%          2

Your spell library contained the following spells:

 Spells                   Type           Power      Damage    Failure   Level
 Corona                   Hex            57%        N/A       2%          1
 Tukima's Dance           Hex            52%        N/A       4%          3
 Cause Fear               Hex            26%        N/A       9%          4
 Metabolic Englaciation   Hex/Ice        28%        N/A       12%         5
 Dazzling Flash           Conj/Hex       60%        N/A       14%         3
 Inner Flame              Hex/Fire       30%        N/A       14%         3
 Hailstorm                Conj/Ice       38%        3d9       24%         4
 Ice Form                 Ice/Tmut       38%        N/A       24%         4
 Static Discharge         Conj/Air       7%         N/A       36%         2
 Conjure Flame            Conj/Fire      7%         6-21      56%         3
 Ignite Poison            Fire/Tmut/Pois 7%         N/A       56%         3
 Swiftness                Air            7%         N/A       56%         3
 Vampiric Draining        Necr           3%         2d6       56%         3
 Ozocubu's Refrigeration  Ice            31%        4d11      78%         7
 Airstrike                Air            3%         N/A       90%         4
 Iskenderun's Mystic Bla  Conj/Tloc      7%         2d4       90%         4
 Sticky Flame             Conj/Fire      7%         2d3       90%         4
 Summon Lightning Spire   Summ/Air       7%         N/A       90%         4
 Lightning Bolt           Conj/Air       3%         1d15      99%         5
 Summon Forest            Summ/Tloc      3%         N/A       99%         5
 Conjure Ball Lightning   Conj/Air       3%         3x3d6     100%        6
 Dispersal                Tloc           3%         N/A       100%        6
 Starburst                Conj/Fire      3%         6d3       100%        6
 Borgnjor's Revivificati  Necr           3%         N/A       100%        8
 Discord                  Hex            26%        N/A       100%        8


Dungeon Overview and Level Annotations

Branches:
Dungeon (11/15)            Temple (1/1) D:4            Lair (6/6) D:10
  Swamp (0/4) Lair:2       Spider (0/4) Lair:4        Slime (0/5) Lair:5
    Orc (0/2) D:10        Ossuary (visited)         Volcano (visited)
Gauntlet (visited)

Altars:
Ashenzari
Cheibriados
Dithmenos
Elyvilon
Fedhas
Gozag
Hepliaklqana
Kikubaaqudgha
Makhleb
Nemelex Xobeh
Okawaru
Qazlal
Ru
Sif Muna
Trog
Uskayaw
Vehumet
Wu Jian
Xom
Yredelemnul
Zin
The Shining One
Jiyva

Shops:
D:4 (

Annotations:
D:6 Duvessa
D:8 exclusion: hydra, Gastronok
Lair:1 3 runed translucent doors, pkoi's ghost, journeyman DrMo
Lair:3 1 runed translucent door, Xiemaice's ghost, journeyman DrFE


Innate Abilities, Weirdness & Mutations

Your life essence is reduced to manifest your ancestor. (-10% HP)
((You are quick and stealthy near water. (Stealth+, EV+, Speed+++)))
Your lower body shifts to a powerful aquatic tail in water.
You have a pair of small horns on your head.
Your spells are harder to cast, but more powerful.


Message History

There is a stone staircase leading up here.
There is a stone staircase leading down here.
You climb downwards.
There is a stone staircase leading up here.
There is a stone staircase leading down here.
You climb downwards.
There is a stone staircase leading up here.
You swap places.
You swap places.
You see here a +0 morningstar.
A dream sheep comes into view.
Found 25 arrows.
A komodo dragon comes into view.
The komodo dragon hisses angrily.
The dream sheep bleats!
Casting: Freeze (safe; 1% risk of failure)
Confirm with . or Enter, or press ? or * to list all spells.
Aiming: Ensorcelled Hibernation (safe; 1% risk of failure)
Press: ? - help, Shift-Dir - straight line, f - komodo dragon
Aim: a komodo dragon (chance to affect: 55%)
The komodo dragon resists with some effort.
A dream sheep comes into view.
The dream sheep shake their wool and sparkle.
You feel drowsy...
You fall asleep.
A torpor snail comes into view.
Being near the torpor snail leaves you feeling lethargic.
A dream sheep comes into view. x2
The komodo dragon bites you!!!
You wake up.
Artakama hits the fungus with a +0 flail!
The fungus begins to die.
You hear an angry hiss.
You swap places.
The komodo dragon bites Artakama!!
Artakama barely misses the komodo dragon.
The komodo dragon bites Artakama!!
Artakama is destroyed!
A nearby fungus withers and dies.
The dream sheep shake their wool and sparkle.
You feel drowsy...
You fall asleep.
The komodo dragon bites you!!!!
Ouch! That really hurt!
You die...

#.P............#**≈≈,,**≈≈≈≈
#.P............#*,≈≈,,,*≈≈**
##............##**≈≈,,,≈≈**,
#.)..........#**≈≈,,,≈≈≈*,,
#............#*8≈≈,,,≈≈≈*,,
##...........#**≈,,,,≈≈≈*,,
###..........##*,≈,,,,≈≈≈*,,
#............# **≈≈,,,,≈≈**,
###..........# *≈≈≈,,,,≈,**
#...........#***≈≈≈,,,,≈≈,,
#P........@.#*≈≈≈*≈≈,,,*≈≈≈
#......PP.l##*≈≈**≈≈,,,,**,
##.....PP.Y.##*****≈,,,,,,,
#......#.YP..#* *≈,,,,,,,
##......YY.P..#* **,,,,,,,
*.........w....#** **,,,,,,
##.........(.....** *,,,,,,
*#................* *,,,,**
*.........#.......#***,,**
*.........#........# *,,*
*,,,,.....##.......#**,****


You could see a torpor snail, a komodo dragon and 4 dream sheep.

Vanquished Creatures
  A quicksilver ooze (Gauntlet)
  A minotaur (Gauntlet)
  A hydra (Lair:6)
  A catoblepas (Lair:4)
  4 death yaks (Lair:2)
  2 two-headed ogres
  A hell hog (Volcano)
  A lindwurm (Lair:3)
  4 black mambas
  A black mamba (shapeshifter) (Gauntlet)
  Joseph (D:7)
  8 cane toads
  2 rime drakes
  4 komodo dragons
  2 trolls (D:10)
  2 jumping spiders (Lair:4)
  A tyrant leech (Lair:1)
  A polar bear (Lair:5)
  6 blink frogs
  A raiju (Gauntlet)
  3 dream sheep
  A redback (Lair:4)
  A spriggan (Lair:5)
  4 wyverns
  A fire bat (Volcano)
  34 yaks
  5 steam dragons
  Edmund (D:4)
  11 water moccasins
  A water moccasin (shapeshifter) (Gauntlet)
  2 hell hounds (Volcano)
  4 orc warriors
  A black bear (Lair:1)
  15 wolves
  A necrophage (D:6)
  A sky beast (D:5)
  2 ogres
  3 centaurs
  A phantom (D:6)
  2 kobold brigands
  7 bullfrogs
  2 scorpions
  A water moccasin zombie (D:5)
  2 water moccasin skeletons
  A wyvern skeleton (D:7)
  2 howler monkeys
  4 electric eels
  A bullfrog zombie (D:5)
  A centaur zombie (Ossuary)
  3 hounds
  A human zombie (Ossuary)
  An orc priest (D:9)
  A centaur skeleton (D:7)
  4 orc wizards
  A mummy (Ossuary)
  3 gnolls (D:8)
  8 adders
  An ufetubus (D:4)
  4 worms
  6 dart slugs
  23 orcs
  9 ball pythons
  10 bats
  7 endoplasms
  2 giant cockroaches (D:1)
  6 goblins
  10 hobgoblins
  12 kobolds
  5 quokkas
  3 training dummies (D:4)
  A goblin zombie (D:7)
  2 hobgoblin zombies (Ossuary)
  An orc zombie (Ossuary)
  5 rats
289 creatures vanquished.

Vanquished Creatures (collateral kills)
  2 death yaks (Lair:2)
  Nergalle (D:10)
  A wolf spider (Lair:4)
  3 black mambas
  Maurice (D:8)
  A torpor snail (Lair:4)
  3 cane toads
  A komodo dragon (Lair:1)
  A rime drake (Lair:6)
  2 tyrant leeches (Lair:2)
  5 dream sheep
  A meliai zombie (D:10)
  A wyvern (D:9)
  A vampire (D:9)
  A golden eye (shapeshifter) (Gauntlet)
  17 yaks
  2 basilisks (Lair:1)
  2 steam dragons
  A swamp worm (Lair:2)
  4 water moccasins
  An acid dragon (D:9)
  A sky beast (D:7)
  3 black bears
  2 ice beasts
  4 centaurs
  3 wolves
  An elf zombie (Ossuary)
  A kobold brigand (D:8)
  5 bullfrogs
  A gnoll sergeant (D:8)
  A bullfrog zombie (D:7)
  An orc priest (D:8)
  3 hounds (D:10)
  A jelly (D:6)
  An iguana (D:7)
  4 orc wizards
  A mummy (Ossuary)
  2 howler monkey zombies
  A howler monkey skeleton (D:6)
  A gnoll (D:8)
  8 orcs
  2 gnoll zombies (Ossuary)
  A kobold (D:8)
  2 goblin zombies (Ossuary)
  A hobgoblin zombie (Ossuary)
  3 orc zombies (Ossuary)
  A rat zombie (D:7)
  2 butterflies (Lair:3)
109 creatures vanquished.

Vanquished Creatures (others)
  A two-headed ogre (Volcano)
  A meliai zombie (D:10)
  11 knights
  An orc (D:6)
  2 bushes (Lair:3)
  27 fungi
  22 plants
65 creatures vanquished.

Grand Total: 463 creatures vanquished

Notes
Turn   | Place    | Note
-------+----------+-------------------------------------------
     0 | D:1      | grimtooth the Merfolk Ice Elementalist began the quest for
                  | the Orb.
     0 | D:1      | Reached XP level 1. HP: 13/13 MP: 3/3
   394 | D:1      | Reached XP level 2. HP: 19/19 MP: 1/5
  1009 | D:1      | Reached XP level 3. HP: 24/24 MP: 2/6
  1072 | D:1      | Reached skill level 5 in Ice Magic
  1256 | D:2      | Noticed an ogre
  1566 | D:2      | Reached XP level 4. HP: 20/30 MP: 4/8
  2304 | D:3      | Found a faded altar of an unknown god.
  2592 | D:3      | You fall into a shaft and drop 2 floors!
  2592 | D:5      | Entered Level 5 of the Dungeon
  2617 | D:5      | Noticed a water moccasin
  2631 | D:5      | Killed a water moccasin
  2632 | D:5      | Reached XP level 5. HP: 8/35 MP: 1/11
  2713 | D:5      | Noticed a sky beast
  2755 | D:5      | Reached XP level 6. HP: 18/41 MP: 9/12
  2759 | D:5      | Killed a sky beast
  2818 | D:5      | Learned a level 3 spell: Frozen Ramparts
  2822 | D:5      | Learned a level 3 spell: Ozocubu's Armour
  3449 | D:3      | Found a burning altar of Makhleb.
  3624 | D:3      | Reached XP level 7. HP: 46/46 MP: 7/13
  3849 | D:4      | Found a staircase to the Ecumenical Temple.
  3868 | Temple   | Entered the Ecumenical Temple
  3983 | Temple   | Became a worshipper of Hepliaklqana the Forgotten
  4080 | D:4      | Noticed Edmund
  4086 | D:4      | Killed Edmund
  4264 | D:4      | Reached skill level 5 in Dodging
  4392 | D:4      | Found Ciciseka's Firing Range.
  4999 | D:5      | Reached XP level 8. HP: 38/52 MP: 6/14
  5040 | D:5      | Learned a level 2 spell: Ensorcelled Hibernation
  5100 | D:6      | Reached skill level 1 in Fighting
  5100 | D:6      | Reached skill level 1 in Polearms
  5160 | D:6      | Reached * piety under Hepliaklqana
  5790 | D:6      | Reached skill level 5 in Polearms
  6049 | D:6      | Noticed Duvessa
  6190 | D:4      | Reached XP level 9. HP: 60/60 MP: 13/15
  6285 | D:7      | Found a blossoming altar of Fedhas.
  6293 | D:7      | Reached skill level 5 in Fighting
  6301 | D:7      | Found a glowing silver altar of Zin.
  6302 | D:7      | Found a shadowy altar of Dithmenos.
  6304 | D:7      | Found a sparkling altar of Nemelex Xobeh.
  6318 | D:7      | Reached ** piety under Hepliaklqana
  6319 | D:7      | Remembered your ancestor Artakama as a knight
  6483 | D:7      | Identified the +1 pair of boots "Piowk" {Contam Harm rF++
                  | MP+9}
  6487 | D:7      | Found a sand-covered staircase.
  6514 | Ossuary  | Entered an ossuary
  6563 | Ossuary  | Reached skill level 1 in Hexes
  6856 | D:7      | Noticed Joseph
  6889 | D:7      | Killed Joseph
  7161 | D:8      | Reached skill level 5 in Stealth
  7319 | D:8      | Noticed a seven-headed hydra
  7328 | D:8      | Noticed Maurice
  7355 | D:8      | Killed Maurice
  7356 | D:8      | Reached skill level 5 in Hexes
  7498 | D:8      | Reached XP level 10. HP: 68/68 MP: 14/16
  7753 | D:8      | Noticed Gastronok
  8147 | D:9      | Reached *** piety under Hepliaklqana
  8157 | D:9      | Noticed a two-headed ogre
  8202 | D:9      | Found a snail-covered altar of Cheibriados.
  8426 | D:9      | Reached skill level 10 in Ice Magic
  9035 | D:10     | Entered Level 10 of the Dungeon
  9265 | D:10     | Found a stormy altar of Qazlal.
  9441 | D:10     | Found a staircase to the Orcish Mines.
  9555 | D:10     | Reached XP level 11. HP: 53/80 MP: 3/17
  9677 | D:9      | Killed a two-headed ogre
 10131 | D:10     | Found a staircase to the Lair.
 10140 | D:10     | Noticed Nergalle
 10359 | D:10     | Noticed a spectral orc warlord
 10363 | D:10     | Killed Nergalle
 10739 | D:11     | Reached **** piety under Hepliaklqana
 10753 | D:11     | Noticed a death knight
 10987 | Lair:1   | Entered Level 1 of the Lair of Beasts
 11264 | Lair:1   | Found a runed translucent gate.
 11264 | Lair:1   | Found a runed translucent gate.
 11265 | Lair:1   | Found a runed translucent gate.
 11269 | Lair:1   | Noticed pkoi's ghost (journeyman DrMo)
 11287 | Lair:1   | Reached skill level 5 in Spellcasting
 12404 | Lair:2   | Reached skill level 1 in Invocations
 12404 | Lair:2   | Reached XP level 12. HP: 83/85 MP: 16/21
 12518 | Lair:2   | Noticed a death yak
 12777 | Lair:2   | Reached ***** piety under Hepliaklqana
 12819 | Lair:2   | Noticed a death yak
 12820 | Lair:2   | Noticed a death yak
 12821 | Lair:2   | Noticed a death yak
 12821 | Lair:2   | Noticed a death yak
 12832 | Lair:2   | Noticed a death yak
 12843 | Lair:2   | Killed a death yak
 13107 | Lair:2   | Killed a death yak
 13108 | Lair:2   | Reached skill level 5 in Invocations
 13114 | Lair:2   | Killed a death yak
 13137 | Lair:2   | Killed a death yak
 13144 | Lair:2   | Killed a death yak
 13161 | Lair:2   | Killed a death yak
 13271 | Lair:2   | Found a staircase to the Swamp.
 13962 | Lair:3   | Reached skill level 1 in Short Blades
 13971 | Lair:3   | Reached XP level 13. HP: 71/90 MP: 9/22
 14188 | Lair:3   | Found a runed translucent door.
 14192 | Lair:3   | Noticed Xiemaice's ghost (journeyman DrFE)
 14195 | Lair:3   | Identified the +7 trident "Yjeymia" {vorpal, rC+ Int+3}
 14488 | Lair:4   | Reached skill level 5 in Short Blades
 14908 | Lair:4   | Found a hole to the Spider Nest.
 15594 | Lair:5   | Found a staircase to the Slime Pits.
 15595 | Lair:5   | Found a viscous altar of Jiyva.
 15670 | Lair:5   | Got the Papyrus of Snow
 15925 | Lair:5   | Reached skill level 10 in Dodging
 16064 | Lair:5   | Identified the +1 battleaxe "Uqosch" {elec, rElec Str+4}
 16302 | Lair:6   | Entered Level 6 of the Lair of Beasts
 16303 | Lair:6   | - god damn double portal
 16322 | Lair:6   | Reached skill level 10 in Fighting
 16410 | Lair:6   | Found a dark tunnel.
 16426 | Volcano  | Entered a volcano
 16526 | Volcano  | Reached XP level 14. HP: 64/99 MP: 11/23
 16623 | Lair:6   | Found a gate leading to a gauntlet.
 16642 | Gauntlet | Entered a Gauntlet
 16642 | Gauntlet | Found a runed translucent door.
 16642 | Gauntlet | Found a transporter.
 16642 | Gauntlet | Found a runed translucent door.
 16642 | Gauntlet | Found a transporter.
 16648 | Gauntlet | Found a transporter.
 16650 | Gauntlet | Found a transporter.
 16650 | Gauntlet | Found a transporter.
 16653 | Gauntlet | Found a transporter.
 16695 | Gauntlet | Found a transporter.
 16696 | Gauntlet | Found a transporter.
 16696 | Gauntlet | Found a transporter.
 16710 | Gauntlet | Found a transporter.
 16727 | Gauntlet | Found a transporter.
 16727 | Gauntlet | Noticed a quicksilver ooze
 16738 | Gauntlet | Found a transporter.
 16752 | Gauntlet | Found a transporter.
 16773 | Gauntlet | Found a transporter.
 17006 | Gauntlet | Killed a quicksilver ooze
 17018 | Gauntlet | Noticed a storm dragon
 17097 | Gauntlet | Noticed an entropy weaver
 17097 | Gauntlet | a snapping turtle changed into an entropy weaver
 17099 | Gauntlet | Noticed a quicksilver ooze
 17099 | Gauntlet | an entropy weaver changed into a quicksilver ooze
 17102 | Gauntlet | a quicksilver ooze changed into something unseen
 17122 | Gauntlet | Noticed an azure jelly
 17122 | Gauntlet | a death yak changed into an azure jelly
 17130 | Gauntlet | Noticed a frost giant
 17130 | Gauntlet | a four-headed hydra changed into a frost giant
 17132 | Gauntlet | Noticed an azure jelly
 17132 | Gauntlet | a frost giant changed into an azure jelly
 17133 | Gauntlet | an azure jelly changed into a minotaur
 17136 | Gauntlet | Noticed a quicksilver ooze
 17136 | Gauntlet | a minotaur changed into a quicksilver ooze
 17137 | Gauntlet | a quicksilver ooze changed into a spark wasp
 17164 | Gauntlet | Gained mutation: Your spells are a little harder to cast,
                  | but a little more powerful. [potion of mutation]
 17164 | Gauntlet | Gained mutation: You have a pair of small horns on your
                  | head. [potion of mutation]
 17164 | Gauntlet | Gained mutation: Your spells are harder to cast, but more
                  | powerful. [potion of mutation]
 17166 | Gauntlet | - well thats annoying
 17177 | Gauntlet | Identified the +1 leather armour "Coredd" {Int+4 Dex+6}
 17178 | Gauntlet | Got the Reference Book on Flying Dislocation
 17184 | Gauntlet | Identified the -2 pair of boots "Isienoipry" {Rampage rElec
                  | Will- Dex+3}
 17185 | Gauntlet | Got Sif Muna's Catalogue of Lightness and Stolen Souls
 17188 | Gauntlet | Identified the +2 helmet of the Fiddle {Harm *Corrode
                  | Str+4}
 17188 | Gauntlet | Identified the +1 chain mail of Ashenzari's Generosity
                  | {rPois rN++}
 17541 | Lair:6   | Mangled by a komodo dragon

Illustrated notes .......Y...# ...........# ...........# ...........# ...........# ........P..## .......R....# .......@....# ...........## ..[.....P.## .........## .......... ..........# .........## .........# Turn 16303 on Lair:6: - god damn double portal

######..#......
#..###..#...#.#
.##..#.8#.©.#
#.#..#..#...# ..#
#©.#©#.∩#.©.# #.'
.#.#.#..#...# ..#
..##.#.8#.©.#.#.#####
##..##..#...#.#.....#
######..#..........8#
........##..###)##.#
######..###....R@..#
..J.S#..§###########
###.G#..## ...#(#..§#
.©.#©#.§## ...#!#..≈#
####[#..## ....O#..≈#
######..## ........≈#
.§.§§...##


Turn 17166 on Gauntlet: - well thats annoying

Levels and vault maps discovered:
D:1:      lemuel_arrival_muddy, layout_loops_ring
D:2:      layout_basic, minmay_between
D:3:      layout_loops_ring, bloody_makhleb, dreamdust_ecumenical_altar_statues,
          kennysheep_generic_room_4
D:4:      layout_cave_pools, minmay_temple_entry_water_ring,
          nicolae_shop_firing_range, uniq_edmund
D:5:      layout_basic
D:6:      layout_gridville, uniq_duvessa
D:7:      layout_rooms, grunt_temple_overflow_open, enter_ossuary_4,
          mrwooster_statue_mirror, uniq_joseph
D:8:      layout_gridville, minivault_25, uniq_grum, uniq_maurice,
          uniq_gastronok
D:9:      layout_long_grid, kennysheep_slug_shrine, billiards_dpeg
D:10:     cheibrodos_iron_armory, layout_layer_cave,
          nicolae_qazlal_scattered_showers, erik_lair_island, orc_0_dummy,
          minmay_stone_trees_medium, uniq_nergalle
D:11:     layout_stronghold, serial_shops, shop_statue
Temple:   regret_index_temple_waves
Lair:1:   layout_long_grid, gammafunk_ghost_necromancy, hibernation_bobbens
Lair:2:   layout_chaotic_city, minmay_swamp_entry_worms
Lair:3:   layout_hall_layers, ebering_ghost_funeral_grove, beast_lair_carwin_6,
          lemuel_fruit_fields, infiniplex_staircase_pool
Lair:4:   layout_regular_city, spider_nest_entry_funnel_web
Lair:5:   layout_concentric_octagons, slime_altar_1, bh_autumn_forest_stairs,
          minmay_stone_trees_small, minivault_24, grunt_forest_stairs_clearing
Lair:6:   cheibrodos_lair_end_hotspot, layout_gridlike, gauntlet_entry_generic,
          ebering_ghost_inner_flame, lightli_volcano_entry_magma_tube,
          bobbens_dragon_lair_wall

Skill      XL: |  1  2  3  4  5  6  7  8  9 10 11 12 13 14 |
---------------+-------------------------------------------+-----
Ice Magic      | 5 6 7 8 9 11 12 | 12.0
Spellcasting   | 3 4 6 |  6.0
Dodging        | 3 6 9 11 12 | 12.0
Fighting       | 4 6 9 10 11 | 11.3
Polearms       | 6 9 |  9.0
Hexes          | 5 6 9 |  9.0
Stealth        | 6 9 |  9.0
Invocations    | 1 9 |  9.0
Short Blades   | 2 6 |  6.0

Action                   |  1- 3 |  4- 6 |  7- 9 | 10-12 | 13-15 || total
-------------------------+-------+-------+-------+-------+-------++-------
Melee: Trident           |    18 |     6 |   124 |   180 |    81 ||   409
       Dagger            |       |    10 |    74 |    52 |    56 ||   192
Throw: Stone             |    56 |    39 |    60 |    19 |       ||   174
       Dart              |       |       |       |       |     3 ||     3
 Cast: Freeze            |    36 |    46 |    72 |   166 |    76 ||   396
       Frozen Ramparts   |       |     3 |     7 |    21 |    15 ||    46
       Ozocubu's Armour  |       |     1 |    17 |    42 |    18 ||    78
       Ensorcelled Hiber |       |       |     3 |     8 |    25 ||    36
Invok: Ancestor Life: Kn |       |       |     1 |       |       ||     1
       Idealise          |       |       |       |     1 |       ||     1
       Transference      |       |       |       |     1 |       ||     1
       Recall Ancestor   |       |       |       |       |     2 ||     2
Evoke: Wand              |       |       |     5 |    30 |     3 ||    38
  Use: Scroll            |       |       |    10 |     8 |     4 ||    22
       Potion            |       |       |       |     1 |     3 ||     4
 Stab: Sleeping          |     2 |     4 |     4 |    13 |    13 ||    36
       Distracted        |       |       |     1 |     1 |     3 ||     5
       Petrifying        |       |       |       |       |     1 ||     1
       Petrified         |       |       |       |       |     1 ||     1
Armor: Robe              |     4 |    11 |     2 |       |       ||    17
       Leather armour    |       |       |    61 |       |       ||    61
       Steam dragon scal |       |       |    53 |   166 |    99 ||   318
Dodge: Dodged            |    35 |    27 |   133 |   257 |   189 ||   641
